 Dungeon Crawl Stone Soup version 0.23.2 (webtiles) character file.

Game seed: 6095112355001067424

665 Forgol the Slasher (level 7, -2/56 HPs)
             Began as a Barachi Fighter on Apr 11, 2019.
             Slain by a troll (5 damage)
             ... on level 5 of the Dungeon.
             The game lasted 00:11:07 (7391 turns).

Forgol the Slasher (Barachi Fighter)                Turns: 7391, Time: 00:11:08

Health: -2/56      AC: 10    Str: 19    XL:     7   Next: 57%
Magic:  7/7        EV:  7    Int:  9    God:
Gold:   304        SH: 10    Dex: 11    Spells: 6/6 levels left

rFire    . . .     SeeInvis .   m - +0 falchion
rCold    . . .     Gourm    .   c - +1 shield
rNeg     . . .     Faith    .   q - +0 scale mail (curse)
rPois    .         Spirit   .   j - +0 helmet
rElec    .         Reflect  .   n - +0 cloak
rCorr    .         Harm     .   (no gloves)
MR       .....                  (no boots)
Stlth    ..........             (no amulet)
HPRegen  0.18/turn              (no ring)
MPRegen  0.10/turn              (no ring)

@: flying, slow
A: +LOS, swims, slowness 1, strong legs 1
a: Hop


You were on level 5 of the Dungeon.
You were very hungry.

You visited 1 branch of the dungeon, and saw 5 of its levels.

You collected 304 gold pieces.

Inventory:

Hand Weapons
 a - a +0 long sword
 m - a +0 falchion (weapon)
Armour
 c - a +1 shield (worn)
 j - a +0 helmet (worn)
 l - a +0 chain mail
 n - a +0 cloak (worn)
 q - a cursed +0 scale mail (worn)
Jewellery
 b - an uncursed ring of protection from fire {unknown}
 p - a +5 ring of intelligence {unknown}
Scrolls
 d - a scroll of blinking
 g - a scroll of magic mapping
 h - a scroll of fog
 r - a scroll of teleportation
Potions
 e - 3 potions of curing
 o - a potion of lignification {unknown}
Comestibles
 f - 13 rations


   Skills:
 + Level 5.6 Fighting
 * Level 6.5 Long Blades
 + Level 5.5 Armour
 + Level 5.1 Shields


You had 6 spell levels left.
You didn't know any spells.
Your spell library was empty.

Dungeon Overview and Level Annotations

Branches:
Dungeon (5/15)
 Temple: D:4-7

Altars:
Kikubaaqudgha
Makhleb
Sif Muna
Vehumet
Wu Jian


Innate Abilities, Weirdness & Mutations

Shadows flee at your approach. (+LOS)
You can swim through water.
You cover ground slowly.
You can hop short distances.


Message History

The troll bites you. You block the troll's attack. The troll claws you.
* * * LOW HITPOINT WARNING * * *
You hit the troll.
The troll is lightly wounded.
You block the troll's attack. The troll claws you.
* * * LOW HITPOINT WARNING * * *
The troll completely misses you.
It was a potion of curing.
You feel better. The troll bites you. The troll claws you.
The troll claws you but does no damage.
You barely miss the troll.
The troll is lightly wounded.
The troll bites you.
* * * LOW HITPOINT WARNING * * *
The troll claws you!
* * * LOW HITPOINT WARNING * * *
You block the troll's attack.
It was a potion of flight.
You feel very buoyant.
You fly up into the air.
The troll bites you.
You die...

######## ##......#
#.....>.. #.......
##......# #.......##
#......T.# ######@#
##......## #........#
##.......#
#.......########
#.......##.....## ..
#####'####......# ...
#...............#
....
######..............#


You could see a troll.

Vanquished Creatures
  An ogre (D:5)
  A scorpion (D:3)
  2 hounds
  3 orc wizards
  Jessica (D:3)
  An iguana (D:5)
  2 worker ants (D:4)
  7 gnolls
  8 adders
  An ooze (D:4)
  2 adder skeletons
  4 worms
  3 dart slugs
  7 leopard geckos
  19 orcs
  2 giant cockroaches
  7 goblins
  5 hobgoblins
  4 jackals
  2 quokkas
  3 ball pythons
  12 bats
  9 frilled lizards
  A jackal skeleton (D:5)
  7 kobolds
  5 rats
119 creatures vanquished.

Vanquished Creatures (others)
  A plant (D:3)
1 creature vanquished.

Grand Total: 120 creatures vanquished

Notes
Turn   | Place    | Note
-------+----------+-------------------------------------------
     0 | D:1      | Forgol the Barachi Fighter began the quest for the Orb.
     0 | D:1      | Reached XP level 1. HP: 18/18 MP: 1/1
    85 | D:1      | Reached XP level 2. HP: 19/25 MP: 2/2
   187 | D:1      | Reached skill level 3 in Long Blades
   477 | D:1      | You fall through a shaft!
   513 | D:2      | Reached XP level 3. HP: 15/30 MP: 3/3
  1477 | D:2      | Reached XP level 4. HP: 28/37 MP: 4/4
  2357 | D:3      | Reached skill level 4 in Long Blades
  3124 | D:3      | Reached XP level 5. HP: 43/43 MP: 5/5
  3463 | D:3      | Found an ancient bone altar of Kikubaaqudgha.
  3466 | D:3      | Found a radiant altar of Vehumet.
  3466 | D:3      | Noticed Jessica
  3499 | D:3      | Killed Jessica
  3784 | D:3      | Found a burning altar of Makhleb.
  4232 | D:4      | Reached XP level 6. HP: 44/49 MP: 6/6
  4240 | D:4      | Reached skill level 5 in Long Blades
  4661 | D:4      | Reached skill level 5 in Fighting
  5031 | D:3      | Reached skill level 5 in Armour
  5314 | D:4      | Reached XP level 7. HP: 45/56 MP: 7/7
  5668 | D:4      | Reached skill level 6 in Long Blades
  6038 | D:4      | Found a deep blue altar of Sif Muna.
  6582 | D:4      | Found an ornate altar of the Wu Jian Council.
  6821 | D:5      | Entered Level 5 of the Dungeon
  6833 | D:5      | Reached skill level 5 in Shields
  7365 | D:5      | Noticed a troll
  7391 | D:5      | Slain by a troll

Skill      XL: |  1  2  3  4  5  6  7 |
---------------+----------------------+-----
Long Blades    | 3 4 5 6 |  6.5
Fighting       | 4 5 |  5.6
Armour         | 4 5 |  5.5
Shields        | 4 5 |  5.1

Action                   |  1- 3 |  4- 6 |  7- 9 || total
-------------------------+-------+-------+-------++-------
Melee: Long sword        |   128 |   294 |       ||   422
       Falchion          |       |    14 |   126 ||   140
 Abil: Hop               |       |     2 |       ||     2
  Use: Scroll            |       |     6 |     1 ||     7
       Potion            |       |     2 |     5 ||     7
  Eat: Chunk             |     2 |    10 |     3 ||    15
       Ration            |       |     1 |     1 ||     2
Armor: Scale mail        |    89 |   161 |    32 ||   282
       Chain mail        |       |    12 |    42 ||    54
Dodge: Dodged            |    64 |   109 |    55 ||   228
Block: Shield            |    97 |   202 |    98 ||   397
       Rpst.: Long sword |    26 |    26 |       ||    52
       Falchion          |       |     2 |    14 ||    16
